 Dungeon Crawl Stone Soup version 0.22.1-1-ga44c0e5 (webtiles) character file.

88 JeffiDaFish the Grave Robber (level 4, -2/24 HPs)
             Began as a Deep Elf Necromancer on Sept 28, 2018.
             Slain by an orc
             ... wielding a +0 dagger
              (3 damage)
             ... on level 3 of the Dungeon.
             The game lasted 00:04:42 (2249 turns).

JeffiDaFish the Grave Robber (Deep Elf Necromancer) Turns: 2249, Time: 00:04:42

Health: -2/24      AC:  3    Str:  5    XL:     4   Next: 30%
Magic:  6/12       EV: 13    Int: 21    God:
Gold:   196        SH:  0    Dex: 15    Spells: 11/12 levels left

rFire    . . .     SeeInvis .   f - +2 short sword (venom)
rCold    . . .     Gourm    .   (no shield)
rNeg     . . .     Faith    .   a - +0 robe
rPois    .         Spirit   .   (no helmet)
rElec    .         Reflect  .   e - +0 cloak
rCorr    .         Harm     .   (no gloves)
MR       .....                  (no boots)
Stlth    ++........             (no amulet)
HPRegen  0.08/turn              (no ring)
MPRegen  0.13/turn              (no ring)

@: no status effects
A: no striking features
a: no special abilities


You were on level 3 of the Dungeon.
You were not hungry.

You visited 1 branch of the dungeon, and saw 3 of its levels.

You collected 196 gold pieces.

Inventory:

Hand Weapons
 f - a +2 short sword of venom (weapon)
Armour
 a - a +0 robe (worn)
 b - a cursed +0 robe
 e - a +0 cloak (worn)
 i - a cursed +0 robe
Jewellery
 g - a cursed ring of teleportation {unknown}
Scrolls
 h - a scroll of identify
Comestibles
 c - 5 rations
 d - 2 chunks of flesh


   Skills:
 - Level 0.1 Short Blades
 + Level 3.0 Dodging
 - Level 2.4 Stealth
 * Level 4.5 Spellcasting
 * Level 6.0 Necromancy


You had 11 spell levels left.
You knew the following spells:

 Your Spells              Type           Power        Failure   Level  Hunger
a - Pain                  Necr           ####         1%          1    None

Your spell library contained the following spells:

 Spells                   Type           Power        Failure   Level  Hunger
 Animate Skeleton         Necr           N/A          1%          1    None
 Vampiric Draining        Necr           ####......   3%          3    ##.....
 Regeneration             Chrm/Necr      ###.......   10%         3    ##.....
 Animate Dead             Necr           N/A          10%         4    ####...


Dungeon Overview and Level Annotations

Branches:
Dungeon (3/15)

Altars:
Kikubaaqudgha
Makhleb
Trog


Message History

The orc priest writhes in agony!
Something hits you. The orc hits you but does no damage.
The orc closely misses you.
The orc priest drinks a potion.
The orc priest is healed!
Casting: Pain (safe; 1% risk of failure)
Confirm with . or Enter, or press ? or * to list all spells.
Aiming: Pain (safe; 1% risk of failure)
Press: ? - help, Shift-Dir - straight line, f/p - orc priest
Aim: an orc priest, wielding a hand axe and wearing a ring mail (chance to The orc priest writhes in agony!
Something hits you.
* * * LOW HITPOINT WARNING * * *
The orc barely misses you. The orc closely misses you.
The orc priest hits you with a hand axe.
* * * LOW HITPOINT WARNING * * *
You aren't carrying any potions.
Okay, then.
You hit the orc priest but do no damage.
The orc priest is poisoned.
The orc priest is heavily wounded.
Something hits you but does no damage. The orc hits you with a dagger.
You die...

# ## ####.
...#....###
..........###
...Z..o##...###
....Z.o@......#
..g..({o......##
...............#
......._..♣.._.#
...............#
..............##
..............#
.......##...#.#
.......####...#


You could see an orc priest, a gnoll, 2 orcs, a leopard gecko zombie and a
quokka skeleton.

Vanquished Creatures
  3 adders (D:2)
  A worm (D:2)
  2 dart slugs
  A leopard gecko (D:2)
  An orc (D:3)
  6 bats
  3 giant cockroaches
  8 goblins
  3 hobgoblins (D:1)
  3 jackals (D:1)
  12 kobolds
  3 frilled lizards (D:2)
  5 rats (D:1)
51 creatures vanquished.

Notes
Turn   | Place    | Note
-------+----------+-------------------------------------------
     0 | D:1      | JeffiDaFish the Deep Elf Necromancer began the quest for
                  | the Orb.
     0 | D:1      | Reached XP level 1. HP: 10/10 MP: 6/6
    36 | D:1      | Reached skill level 5 in Necromancy
   285 | D:1      | Reached XP level 2. HP: 3/15 MP: 5/8
  1007 | D:1      | Reached XP level 3. HP: 19/19 MP: 10/10
  1762 | D:2      | Found a burning altar of Makhleb.
  1834 | D:2      | Reached XP level 4. HP: 24/24 MP: 12/12
  2213 | D:3      | Reached skill level 6 in Necromancy
  2225 | D:3      | Found a bloodstained altar of Trog.
  2226 | D:3      | Found an ancient bone altar of Kikubaaqudgha.
  2248 | D:3      | HP: 1/24 [orc priest/hand axe (5)]
  2249 | D:3      | Slain by an orc

Skill      XL: |  1  2  3  4 |
---------------+-------------+-----
Necromancy     | 5 6 |  6.0
Spellcasting   | 4 |  4.5
Dodging        | 3 |  3.0
Short Blades   | |  0.1
Stealth        | |  2.4

Action                   |  1- 3 |  4- 6 || total
-------------------------+-------+-------++-------
Melee: Dagger            |    22 |       ||    22
       Short sword       |    15 |    20 ||    35
 Cast: Pain              |    44 |     6 ||    50
  Use: Scroll            |     4 |       ||     4
       Potion            |     2 |     1 ||     3
 Stab: Sleeping          |     7 |     2 ||     9
  Eat: Chunk             |     3 |     1 ||     4
Armor: Robe              |     3 |     3 ||     6
Dodge: Dodged            |    26 |    20 ||    46
